 Dungeon Crawl Stone Soup version 0.31.0-7-gf635a9b802 (webtiles) character file.

Game seed: 13301925339942170753

7 mtoz the Twirler (level 1, -1/18 HPs)
             Began as a Demonspawn Wanderer on Jan 23, 2024.
             Slain by a quokka (4 damage)
             ... on level 1 of the Dungeon.
             The game lasted 00:01:01 (175 turns).

mtoz the Twirler (Demonspawn Wanderer)               Turns: 175, Time: 00:01:02

Health: -1/18      AC:  5    Str: 10    XL:     1   Next: 83%
Magic:  3/3        EV:  9    Int: 11    God:
Gold:   14         SH:  0    Dex: 15    Spells: 3/4 levels left

rFire   . . .        a - +2 quarterstaff
rCold   . . .        (shield currently unavailable)
rNeg    . . .        b - +0 ring mail
rPois   .            (no helmet)
rElec   .            (no cloak)
rCorr   .            (no gloves)
SInv    .            (no boots)
Will    .....        (no amulet)
Stlth   +            (no ring)
HPRegen 0.23/turn    (no ring)
MPRegen 0.08/turn

%: no passive effects
@: no status effects
A: no striking features
a: no special abilities


You were on level 1 of the Dungeon.
You visited 1 branch of the dungeon, and saw 1 of its levels.

You collected 14 gold pieces.

Inventory:

Hand Weapons
 a - a +2 quarterstaff (weapon)
Armour
 b - a +0 ring mail (worn)
Scrolls
 d - 2 scrolls of vulnerability {unknown}
Potions
 c - a potion of lignification


   Skills:
 + Level 3.1 Fighting
 + Level 3.7 Staves
 + Level 1.2 Armour
 + Level 2.1 Spellcasting


You had 3 spell levels left.
You knew the following spells:

 Your Spells              Type           Power      Damage    Failure   Level
a - Freeze                Ice            4%         1d3       58%         1

Your spell library contained the following spells:

 Spells                   Type           Power      Damage    Failure   Level
 Frozen Ramparts          Ice            2%         1d1       91%         3


Dungeon Overview and Level Annotations

Branches:
Dungeon (1/15)

Altars:


Message History

You closely miss the quokka. The quokka bites you.
You miss the quokka. The quokka bites you.
The quokka bites you but does no damage.
You are too injured to fight recklessly!
Okay, then.
You hit the quokka.
The quokka is heavily wounded.
The quokka closely misses you.
You barely miss the quokka.
The quokka is heavily wounded.
The quokka bites you but does no damage. x2
You closely miss the quokka.
The quokka is heavily wounded.
The quokka bites you.
You barely miss the quokka.
The quokka is heavily wounded.
The quokka barely misses you.
You miss the quokka.
The quokka is heavily wounded.
The quokka closely misses you.
The quokka bites you but does no damage.
You barely miss the quokka.
The quokka is heavily wounded.
The quokka barely misses you.
You closely miss the quokka.
The quokka is heavily wounded.
The quokka barely misses you.
You barely miss the quokka.
The quokka is heavily wounded.
The quokka completely misses you. The quokka bites you.
* * * LOW HITPOINT WARNING * * *
You closely miss the quokka.
The quokka is heavily wounded.
The quokka closely misses you.
You barely miss the quokka.
The quokka is heavily wounded.
The quokka bites you.
* * * LOW HITPOINT WARNING * * *
The quokka attacks as it pursues you! The quokka bites you.
You die...

...........................#
#########.##.##########....#
#....†............###....######
#.#####.##..........'..........
#............†#.###....######
#..#####...##.#†# #....# ....
.......##.#.# ####.# ###
....#......#.# #.#
##....###@.#.# #.#
.....##.r....# #.#
.....##....#### #.#
....##....## #.# #....## #.#
#....# #.# #....# #.# ##.## #.#
..


You could see a quokka.

Vanquished Creatures
  A hobgoblin (D:1)
  4 ball pythons (D:1)
  A rat (D:1)
6 creatures vanquished.

Notes
Turn   | Place    | Note
-------+----------+-------------------------------------------
     0 | D:1      | mtoz the Demonspawn Wanderer began the quest for the Orb.
     0 | D:1      | mtoz set off with the following items: a +2 quarterstaff, a
                  | +0 ring mail, a potion of lignification; and the following
                  | spell memorised: Freeze; and the following spells available
                  | to memorise: Frozen Ramparts.
     0 | D:1      | Reached XP level 1. HP: 18/18 MP: 3/3
   175 | D:1      | Slain by a quokka

Illustrated notes

Levels and vault maps discovered:
D:1:      dpeg_arrival_lava_altar, layout_basic,
          shapermc_ecumenical_altar_pompeii, nrook_mini_backslash,
          minmay_pentomino_s2

Action                     || total
---------------------------++-------
  Melee: Quarterstaff      ||    27
 Armour: Ring mail         ||    17
  Dodge: Dodged            ||    20
